Calgary Hitman vs Hershey Bears

Created - 20 novembre 2017 at 05:57

Goals
1 2 3 T
Calgary Hitman 1 0 2 3
Hershey Bears 0 1 0 1
Shots
1 2 3 T
Calgary Hitman 14 13 9 36
Hershey Bears 6 12 15 33

1st period

1. Calgary Hitman , J.T. Brown 5 (Andrew Miller 13, Garret Sparks) at 15:22

Penalties :
Matt Carle (BEA) for Fighting (Major) at 1:24, Andrew Miller (HIT) for Fighting (Major) at 1:24, Cory Conacher (BEA) for Slashing (Minor) at 16:03

2nd period

2. Hershey Bears , Colby Cave 4 (Brendan Gaunce 3, Carter Camper 3) at 16:19

Penalties :
Cory Conacher (BEA) for High sticking (Minor) at 13:50, Cory Conacher (BEA) for Hooking (Minor) at 16:35, Michael Kostka (BEA) for Roughing (Minor) at 19:39

3rd period

3. Calgary Hitman , Cody Goloubef 2 (Andrew Miller 14) at 8:18 (PP)
4. Calgary Hitman , Jack Skille 5 (Travis Morin 14, Wayne Simpson 7) at 11:11 (PP)

Penalties :
Mark Fraser (BEA) for High sticking (Minor) at 7:39, Chris Bourque (BEA) for Roughing (Double Minor) at 10:31

Goalie Stats

Garret Sparks (HIT), 32 saves from 33 shots - (0,970), W, 12-5-1, 60:00 minutes
Mike McKenna (BEA), 33 saves from 36 shots - (0,917), L, 5-7-4, 60:00 minutes

Players Stats for Calgary Hitman

Player Name              G  A  P  +/- PIM S  H  SB GA TA FO     MP     PP MP  PK MP  
------------------------------------------------------------------------------------
A.J. Greer               0  0  0   0  0   2  3  0  0  1  1/2    14:55   0:00   0:00 
Alex Biega               0  0  0   0  0   0  3  3  0  0  0/0    20:59   3:54   0:00 
Andrew Miller            0  2  2   0  5   2  1  0  0  0  12/22  18:39   5:55   0:00 
Brady Austin             0  0  0   1  0   0  2  0  0  0  0/0    12:38   0:00   0:00 
Cody Goloubef            1  0  1   0  0   3  1  0  0  0  0/0    25:56   7:20   0:00 
J.T. Brown               1  0  1   0  0   3  2  0  1  0  1/1    14:33   0:00   0:00 
Jack Skille              1  0  1   0  0   2  0  0  1  0  0/0    18:24   5:19   0:00 
John Ramage              0  0  0   1  0   0  3  4  0  2  0/0    17:41   3:54   0:00 
Kasperi Kapanen          0  0  0   0  0   3  2  0  1  1  1/1    20:44   5:55   0:00 
Liam O'Brien             0  0  0  -1  0   0  1  0  0  0  0/0     8:36   0:00   0:00 
Matt Taormina            0  0  0  -1  0   3  0  1  1  1  0/0    23:02   7:20   0:00 
Mitch Callahan           0  0  0   1  0   4  2  1  0  0  0/0    13:22   0:00   0:00 
Nick Lappin              0  0  0  -1  0   2  0  0  0  0  0/0     8:36   0:00   0:00 
Reid Petryk              0  0  0  -1  0   0  1  0  0  0  4/9     9:01   0:00   0:00 
Robert Bortuzzo          0  0  0  -1  0   2  0  1  0  0  0/0    17:54   0:00   0:00 
Spencer Abbott           0  0  0   1  0   5  0  1  1  2  3/5    18:06   5:55   0:00 
Travis Morin             0  1  1   0  0   3  1  1  0  0  13/19  19:16   5:19   0:00 
Wayne Simpson            0  1  1   1  0   2  2  1  1  0  0/0    17:37   5:19   0:00 

Players Stats for Hershey Bears

Player Name              G  A  P  +/- PIM S  H  SB GA TA FO     MP     PP MP  PK MP  
------------------------------------------------------------------------------------
Andrew Desjardins        0  0  0   0  0   2  1  0  1  0  2/4    17:15   0:00   2:29 
Andy Miele               0  0  0   0  0   2  1  2  2  0  10/21  21:27   0:00   7:39 
Brendan Gaunce           0  1  1   1  0   0  1  0  0  0  0/0    13:49   0:00   0:00 
Carter Camper            0  1  1   1  0   7  1  0  0  0  0/0    13:44   0:00   0:00 
Chris Bourque            0  0  0   0  4   5  1  0  0  0  1/2    15:40   0:00   0:42 
Chris Wagner             0  0  0   0  0   2  3  0  0  1  4/8    17:29   0:00   2:29 
Colby Cave               1  0  1   1  0   3  0  3  2  0  2/5    15:05   0:00   0:00 
Cory Conacher            0  0  0  -1  6   5  2  0  1  0  2/9    21:20   0:00   3:22 
Cristoval Nieves         0  0  0  -1  0   1  0  0  0  0  0/0     8:38   0:00   2:27 
Dalton Prout             0  0  0  -1  0   0  0  0  0  1  0/0    27:31   0:00   7:16 
James Wisniewski         0  0  0  -1  0   0  1  0  0  1  0/0     6:20   0:00   0:00 
John Hayden              0  0  0  -1  0   1  0  0  0  1  3/9    10:19   0:00   3:20 
Mark Fraser              0  0  0   1  2   0  0  1  0  0  0/0    12:20   0:00   0:00 
Matt Carle               0  0  0   1  5   1  0  0  0  0  0/0    12:44   0:00   1:31 
Michael Kostka           0  0  0   0  2   2  2  2  0  1  0/0    22:11   0:00   5:45 
Mike Blunden             0  0  0   0  0   0  2  0  0  0  0/1    14:06   0:00   0:00 
Nicolas Deslauriers      0  0  0   0  0   2  2  3  0  1  0/0    19:17   0:00   3:58 
Tyler Wotherspoon        0  0  0   0  0   0  3  2  1  0  0/0    19:24   0:00   3:58 

3 Stars

1 - Garret Sparks (HIT)
2 - J.T. Brown (HIT)
3 - Cody Goloubef (HIT)

Power Play

Calgary Hitman - 2 on 7 Attempt(s) - 28,57%
Hershey Bears - 0 on 0 Attempt(s) - 0,00%

Penalty Kill

Calgary Hitman - 0 on 0 Attempt(s) - 0,00% - Score 0 goal in Penalty Kill
Hershey Bears - 5 on 7 Attempt(s) - 71,43% - Score 0 goal in Penalty Kill

Team Stat

Calgary Hitman - Hits : 24 - Faceoff Wins : 35 - Blocked Shots : 13 - Penalty Minutes : 5
Hershey Bears - Hits : 20 - Faceoff Wins : 24 - Blocked Shots : 13 - Penalty Minutes : 19

Official

Referees : Mike Leggo and Kendrick Nicholson
Linesman : Tony Sericolo and Mark Wheler

Game Notes

Andrew Miller beats up Matt Carle at 1:24 of 1st period

Finance

Level 1 -- Attendance: 1516 (75,80%) -- Ticket Income 53 060 $
Level 2 -- Attendance: 683 (68,30%) -- Ticket Income 10 245 $
Total Attendance: 2199 (73,30%)
Total Ticket Income: 63 305 $
Other Income: 31 019 $
Total Income: 94 324 $

Calgary Hitman

5 vs 5 Forward 
   Center                   Left Wing                Right Wing               Time % Phy DF OF 
 1 Andrew Miller            J.T. Brown               Kasperi Kapanen          36     0   1  4  
 2 Travis Morin             A.J. Greer               Jack Skille              34     0   1  4  
 3 Spencer Abbott           Wayne Simpson            Mitch Callahan           24     0   3  2  
 4 Reid Petryk              Liam O'Brien             Nick Lappin              6      2   2  1  

5 vs 5 Defense 
   Defense                  Defense                                           Time % Phy DF OF 
 1 Robert Bortuzzo          Matt Taormina                                     39     0   3  2  
 2 Alex Biega               Cody Goloubef                                     37     0   3  2  
 3 Brady Austin             John Ramage                                       20     0   4  1  
 4 Robert Bortuzzo          Cody Goloubef                                     4      1   2  2  

PowerPlay Forward 
   Center                   Left Wing                Right Wing               Time % Phy DF OF 
 1 Andrew Miller            Kasperi Kapanen          Spencer Abbott           60     0   0  5  
 2 Travis Morin             Jack Skille              Wayne Simpson            40     0   0  5  

PowerPlay Defense
   Defense                  Defense                                           Time % Phy DF OF 
 1 Cody Goloubef            Matt Taormina                                     60     0   1  4  
 2 John Ramage              Alex Biega                                        40     0   1  4  

Penalty Kill 4 Players Forward 
   Center                   Wing                     Time % Phy DF OF 
 1 Reid Petryk              J.T. Brown               60     0   4  1  
 2 Wayne Simpson            Nick Lappin              40     0   4  1  

Penalty Kill 4 Players Defense
   Defense                  Defense                  Time % Phy DF OF 
 1 Cody Goloubef            Robert Bortuzzo          60     1   4  0  
 2 Alex Biega               Brady Austin             40     1   4  0  

Penalty Kill - 3 Players Forward 
   Forward                                           Time % Phy DF OF 
 1 J.T. Brown                                        65     0   5  0  
 2 Nick Lappin                                       35     0   5  0  

Penalty Kill - 3 Players Defense
   Defense                  Defense                  Time % Phy DF OF 
 1 Cody Goloubef            Alex Biega               60     1   4  0  
 2 Alex Biega               Brady Austin             40     1   4  0  

4 vs 4 Forward 
   Center                   Wing                     Time % Phy DF OF 
 1 Andrew Miller            Kasperi Kapanen          60     0   1  4  
 2 Travis Morin             J.T. Brown               40     0   1  4  

4 vs 4 Defense
   Defense                  Defense                  Time % Phy DF OF 
 1 Cody Goloubef            Matt Taormina            60     0   2  3  
 2 John Ramage              Robert Bortuzzo          40     0   3  2  

Last Minutes Offensive
   Center                   Left Wing                Right Wing               Defense                  Defense                  
   Travis Morin             Kasperi Kapanen          Andrew Miller            Matt Taormina            John Ramage              

Last Minutes Defensive
   Center                   Left Wing                Right Wing               Defense                  Defense                  
   Reid Petryk              J.T. Brown               Nick Lappin              Cody Goloubef            Robert Bortuzzo          

Goaltenders
Starting : Garret Sparks            
Backup : Marek Mazanec            

Extra Forwards
Normal : Kasperi Kapanen, J.T. Brown, A.J. Greer - PP : J.T. Brown, Nick Lappin - PK : Mitch Callahan
Extra Defensemen
Normal : Robert Bortuzzo, Cody Goloubef, Matt Taormina - PP : Alex Biega - PK : Matt Taormina, John Ramage
Penalty Shots
Kasperi Kapanen, Travis Morin, A.J. Greer, Wayne Simpson, Mitch Callahan

Scratches
Petteri Lindbohm (Healthy), Brenden Kichton (Healthy), Paul Geiger (Healthy), Josh Jacobs (Healthy), Malte Stromwall (Healthy)
Cole Ully (Healthy), Jeff Glass (Healthy)

Hershey Bears

5 vs 5 Forward 
   Center                   Left Wing                Right Wing               Time % Phy DF OF 
 1 Andy Miele               Cory Conacher            Andrew Desjardins        40     1   2  2  
 2 Chris Wagner             Chris Bourque            Mike Blunden             30     1   2  2  
 3 Colby Cave               Brendan Gaunce           Carter Camper            20     1   2  2  
 4 John Hayden              Cristoval Nieves         Cory Conacher            10     1   2  2  

5 vs 5 Defense 
   Defense                  Defense                                           Time % Phy DF OF 
 1 Dalton Prout             Michael Kostka                                    40     1   2  2  
 2 Tyler Wotherspoon        Nicolas Deslauriers                               30     1   2  2  
 3 Mark Fraser              Matt Carle                                        20     1   2  2  
 4 James Wisniewski         Dalton Prout                                      10     1   2  2  

PowerPlay Forward 
   Center                   Left Wing                Right Wing               Time % Phy DF OF 
 1 Andy Miele               Cory Conacher            Andrew Desjardins        60     1   2  2  
 2 Chris Wagner             Chris Bourque            Mike Blunden             40     1   2  2  

PowerPlay Defense
   Defense                  Defense                                           Time % Phy DF OF 
 1 Dalton Prout             Michael Kostka                                    60     1   2  2  
 2 Tyler Wotherspoon        Nicolas Deslauriers                               40     1   2  2  

Penalty Kill 4 Players Forward 
   Center                   Wing                     Time % Phy DF OF 
 1 Cory Conacher            Andy Miele               60     1   2  2  
 2 Andrew Desjardins        Chris Wagner             40     1   2  2  

Penalty Kill 4 Players Defense
   Defense                  Defense                  Time % Phy DF OF 
 1 Dalton Prout             Michael Kostka           60     1   2  2  
 2 Tyler Wotherspoon        Nicolas Deslauriers      40     1   2  2  

Penalty Kill - 3 Players Forward 
   Forward                                           Time % Phy DF OF 
 1 Cory Conacher                                     60     1   2  2  
 2 Andy Miele                                        40     1   2  2  

Penalty Kill - 3 Players Defense
   Defense                  Defense                  Time % Phy DF OF 
 1 Dalton Prout             Michael Kostka           60     1   2  2  
 2 Tyler Wotherspoon        Nicolas Deslauriers      40     1   2  2  

4 vs 4 Forward 
   Center                   Wing                     Time % Phy DF OF 
 1 Cory Conacher            Andy Miele               60     1   2  2  
 2 Andrew Desjardins        Chris Wagner             40     1   2  2  

4 vs 4 Defense
   Defense                  Defense                  Time % Phy DF OF 
 1 Dalton Prout             Michael Kostka           60     1   2  2  
 2 Tyler Wotherspoon        Nicolas Deslauriers      40     1   2  2  

Last Minutes Offensive
   Center                   Left Wing                Right Wing               Defense                  Defense                  
   Andy Miele               Cory Conacher            Andrew Desjardins        Dalton Prout             Michael Kostka           

Last Minutes Defensive
   Center                   Left Wing                Right Wing               Defense                  Defense                  
   Andy Miele               Cory Conacher            Andrew Desjardins        Dalton Prout             Michael Kostka           

Goaltenders
Starting : Mike McKenna             
Backup : Mackenzie Skapski        

Extra Forwards
Normal : Colby Cave, Brendan Gaunce, John Hayden - PP : Colby Cave, Brendan Gaunce - PK : John Hayden
Extra Defensemen
Normal : Mark Fraser, Matt Carle, James Wisniewski - PP : Mark Fraser - PK : Matt Carle, James Wisniewski
Penalty Shots
Cory Conacher, Andy Miele, Andrew Desjardins, Chris Wagner, Nicolas Deslauriers

Scratches
Tom Sestito (Healthy), Bryce Gervais (Healthy), Teddy Blueger (Healthy), Thomas Di Pauli (Healthy), Justin Hickman (Healthy)
Klas Dahlbeck (Healthy), Markus Eisenschmid (Healthy)

% Time on Ice - Calgary Hitman

Lines # - Real PCT - Wanted PCT - Time Play
Normal Forward
1 - 30% - 36% - 14:46
2 - 27% - 34% - 13:21
3 - 25% - 24% - 12:03
4 - 18% - 6% - 8:36
Normal Defense
1 - 34% - 39% - 16:35
2 - 35% - 37% - 17:05
3 - 26% - 20% - 12:38
4 - 5% - 4% - 2:28
PP Forward
1 - 53% - 60% - 5:55
2 - 47% - 40% - 5:19
PP Defense
1 - 65% - 60% - 7:20
2 - 35% - 40% - 3:54
PK Forward
1 - 0% - 60%
2 - 0% - 40%
PK Defense
1 - 0% - 60%
2 - 0% - 40%
PK3 Forward
1 - 0% - 65%
2 - 0% - 35%
PK3 Defense
1 - 0% - 60%
2 - 0% - 40%
44 Forward
1 - 0% - 60%
2 - 0% - 40%
44 Defense
1 - 0% - 60%
2 - 0% - 40%
Last Minute Offensive  - 0:00
Last Minute Defensive  - 0:00
Total
Forward - 60:00
Defense - 60:00

% Time on Ice - Hershey Bears

Lines # - Real PCT - Wanted PCT - Time Play
Normal Forward
1 - 29% - 40% - 14:03
2 - 33% - 30% - 16:02
3 - 27% - 20% - 13:07
4 - 11% - 10% - 5:34
Normal Defense
1 - 32% - 40% - 15:46
2 - 33% - 30% - 16:01
3 - 24% - 20% - 11:54
4 - 10% - 10% - 5:05
PP Forward
1 - 0% - 60%
2 - 0% - 40%
PP Defense
1 - 0% - 60%
2 - 0% - 40%
PK Forward
1 - 78% - 60% - 8:45
2 - 22% - 40% - 2:29
PK Defense
1 - 65% - 60% - 7:16
2 - 35% - 40% - 3:58
PK3 Forward
1 - 0% - 60%
2 - 0% - 40%
PK3 Defense
1 - 0% - 60%
2 - 0% - 40%
44 Forward
1 - 0% - 60%
2 - 0% - 40%
44 Defense
1 - 0% - 60%
2 - 0% - 40%
Last Minute Offensive  - 0:00
Last Minute Defensive  - 0:00
Total
Forward - 60:00
Defense - 60:00

Play by Play

1st period


0:01 of 1st period - Andrew Miller wins face-off versus Andy Miele in neutral zone.
0:14 of 1st period - Snap shot by Cory Conacher.
0:14 of 1st period - Shot Misses the Net.
0:23 of 1st period - Icing by Robert Bortuzzo.
0:24 of 1st period - Travis Morin wins face-off versus Chris Wagner in Calgary Hitman zone.
0:37 of 1st period - Robert Bortuzzo is hit by Chris Wagner and loses puck.
1:12 of 1st period - Backhand shot by Nick Lappin.
1:12 of 1st period - Stopped by Mike McKenna without a rebound.
1:13 of 1st period - Andy Miele wins face-off versus Reid Petryk in Hershey Bears zone.
1:19 of 1st period - Off-side.
1:20 of 1st period - Andrew Miller wins face-off versus John Hayden in neutral zone.
1:24 of 1st period - Andrew Miller beats up Matt Carle.
1:24 of 1st period - Penalty to Matt Carle for Fighting.
1:24 of 1st period - Penalty to Andrew Miller for Fighting.
1:25 of 1st period - A.J. Greer wins face-off versus John Hayden in neutral zone.
1:50 of 1st period - Cody Goloubef is hit by Chris Wagner and loses puck.
2:28 of 1st period - Snap shot by Kasperi Kapanen.
2:28 of 1st period - Shot Blocked by Colby Cave.
2:34 of 1st period - Wrist shot by Kasperi Kapanen.
2:34 of 1st period - Stopped by Mike McKenna with a rebound.
3:12 of 1st period - Off-side.
3:13 of 1st period - Reid Petryk wins face-off versus Andy Miele in neutral zone.
3:45 of 1st period - Wrist shot by Chris Wagner.
3:45 of 1st period - Shot Blocked by John Ramage.
4:51 of 1st period - Snap shot by Kasperi Kapanen.
4:51 of 1st period - Stopped by Mike McKenna with a rebound.
4:53 of 1st period - Wrist shot by Matt Taormina.
4:53 of 1st period - Stopped by Mike McKenna with a rebound.
5:03 of 1st period - A.J. Greer is hit by James Wisniewski and loses puck.
5:13 of 1st period - Off-side.
5:14 of 1st period - Chris Bourque wins face-off versus Spencer Abbott in neutral zone.
5:25 of 1st period - Slapshot by Chris Bourque.
5:25 of 1st period - Stopped by Garret Sparks without a rebound.
5:26 of 1st period - Andy Miele wins face-off versus A.J. Greer in Calgary Hitman zone.
6:12 of 1st period - Slapshot by Carter Camper.
6:12 of 1st period - Shot Blocked by Robert Bortuzzo.
6:23 of 1st period - Icing by Wayne Simpson.
6:24 of 1st period - Andy Miele wins face-off versus Spencer Abbott in Calgary Hitman zone.
6:25 of 1st period - Snap shot by Cory Conacher.
6:25 of 1st period - Shot Misses the Net.
6:27 of 1st period - Wrist shot by Andrew Desjardins.
6:27 of 1st period - Shot Blocked by Wayne Simpson.
6:29 of 1st period - Snap shot by Andrew Desjardins.
6:29 of 1st period - Stopped by Garret Sparks with a rebound.
6:53 of 1st period - Snap shot by A.J. Greer.
6:53 of 1st period - Stopped by Mike McKenna with a rebound.
7:20 of 1st period - Matt Taormina is hit by Brendan Gaunce and loses puck.
7:35 of 1st period - Wrist shot by John Hayden.
7:35 of 1st period - Shot Misses the Net.
7:41 of 1st period - Wrist shot by Andrew Miller.
7:41 of 1st period - Stopped by Mike McKenna with a rebound.
7:43 of 1st period - Snap shot by Kasperi Kapanen.
7:43 of 1st period - Shot Misses the Net.
7:57 of 1st period - Nick Lappin is hit by Chris Wagner and loses puck.
8:55 of 1st period - Wrist shot by Chris Bourque.
8:55 of 1st period - Stopped by Garret Sparks with a rebound.
8:57 of 1st period - Wrist shot by Mike Blunden.
8:57 of 1st period - Shot Misses the Net.
8:59 of 1st period - Wrist shot by Mike Blunden.
8:59 of 1st period - Shot Misses the Net.
9:09 of 1st period - Spencer Abbott is hit by Andrew Desjardins.
9:25 of 1st period - Slapshot by Nick Lappin.
9:25 of 1st period - Stopped by Mike McKenna with a rebound.
9:27 of 1st period - Slapshot by Cody Goloubef.
9:27 of 1st period - Shot Misses the Net.
9:29 of 1st period - Wrist shot by Alex Biega.
9:29 of 1st period - Shot Blocked by Nicolas Deslauriers.
9:39 of 1st period - Travis Morin is hit by Chris Bourque and loses puck.
10:00 of 1st period - Andy Miele is hit by J.T. Brown and loses puck.
10:31 of 1st period - Matt Carle is hit by A.J. Greer and loses puck.
11:17 of 1st period - Kasperi Kapanen is hit by Cory Conacher and loses puck.
11:30 of 1st period - Wrist shot by Chris Wagner.
11:30 of 1st period - Shot Misses the Net.
11:40 of 1st period - Wrist shot by Andrew Miller.
11:40 of 1st period - Shot Misses the Net.
11:42 of 1st period - Wrist shot by Kasperi Kapanen.
11:42 of 1st period - Stopped by Mike McKenna with a rebound.
11:44 of 1st period - Snap shot by J.T. Brown.
11:44 of 1st period - Stopped by Mike McKenna with a rebound.
11:46 of 1st period - Snap shot by Mitch Callahan.
11:46 of 1st period - Stopped by Mike McKenna without a rebound.
11:47 of 1st period - Andy Miele wins face-off versus Reid Petryk in Hershey Bears zone.
13:09 of 1st period - Snap shot by John Hayden.
13:09 of 1st period - Shot Misses the Net.
13:50 of 1st period - Off-side.
13:51 of 1st period - Andy Miele wins face-off versus Andrew Miller in neutral zone.
13:56 of 1st period - Snap shot by Andy Miele.
13:56 of 1st period - Stopped by Garret Sparks with a rebound.
13:58 of 1st period - Slapshot by Andrew Desjardins.
13:58 of 1st period - Stopped by Garret Sparks with a rebound.
14:00 of 1st period - Snap shot by Michael Kostka.
14:00 of 1st period - Stopped by Garret Sparks with a rebound.
14:53 of 1st period - Reid Petryk is hit by Tyler Wotherspoon and loses puck.
15:22 of 1st period - Snap shot by J.T. Brown.
15:22 of 1st period - Goal by J.T. Brown - Calgary Hitman : 1 - Hershey Bears : 0.
15:23 of 1st period - Andy Miele wins face-off versus Travis Morin in neutral zone.
15:26 of 1st period - Slapshot by Cory Conacher.
15:26 of 1st period - Shot Misses the Net.
15:28 of 1st period - Snap shot by Andy Miele.
15:28 of 1st period - Shot Blocked by Travis Morin.
15:30 of 1st period - Snap shot by Andy Miele.
15:30 of 1st period - Deflect By Andrew Desjardins.
15:30 of 1st period - Shot Misses the Net.
15:30 of 1st period - Puck is out of play.
15:31 of 1st period - Travis Morin wins face-off versus Andy Miele in Calgary Hitman zone.
15:31 of 1st period - Travis Morin is hit by Cory Conacher.
15:41 of 1st period - Snap shot by A.J. Greer.
15:41 of 1st period - Stopped by Mike McKenna without a rebound.
15:42 of 1st period - Travis Morin wins face-off versus Andy Miele in Hershey Bears zone.
15:51 of 1st period - Wrist shot by A.J. Greer.
15:51 of 1st period - Shot Misses the Net.
15:53 of 1st period - Snap shot by Travis Morin.
15:53 of 1st period - Stopped by Mike McKenna with a rebound.
15:55 of 1st period - Slapshot by Jack Skille.
15:55 of 1st period - Shot Misses the Net.
15:57 of 1st period - Slapshot by Cody Goloubef.
15:57 of 1st period - Stopped by Mike McKenna with a rebound.
16:03 of 1st period - Minor Penalty to Cory Conacher for Slashing.
16:04 of 1st period - Andy Miele wins face-off versus Andrew Miller in Hershey Bears zone.
16:40 of 1st period - Wrist shot by Wayne Simpson.
16:40 of 1st period - Deflect By Travis Morin.
16:40 of 1st period - Shot Misses the Net.
16:40 of 1st period - Puck is out of play.
16:41 of 1st period - John Hayden wins face-off versus Travis Morin in Hershey Bears zone.
17:08 of 1st period - Chris Bourque is hit by John Ramage and loses puck.
17:17 of 1st period - Wrist shot by Kasperi Kapanen.
17:17 of 1st period - Shot Misses the Net.
17:19 of 1st period - Snap shot by Kasperi Kapanen.
17:19 of 1st period - Shot Misses the Net.
17:45 of 1st period - Andy Miele is hit by Wayne Simpson and loses puck.
18:03 of 1st period - Penalty to Cory Conacher is over, Cory Conacher is back on ice.
18:16 of 1st period - Dalton Prout is hit by Liam O'Brien and loses puck.
18:31 of 1st period - Brendan Gaunce is hit by J.T. Brown and loses puck.
19:14 of 1st period - Matt Carle is hit by Brady Austin and loses puck.
19:27 of 1st period - Snap shot by Andrew Miller.
19:27 of 1st period - Shot Misses the Net.
19:41 of 1st period - Slapshot by Carter Camper.
19:41 of 1st period - Shot Misses the Net.
Goals for this period are 1 for Calgary Hitman vs 0 for Hershey Bears.
Shots for this period are 14 for Calgary Hitman vs 6 for Hershey Bears.

2nd period


0:01 of 2nd period - Travis Morin wins face-off versus Andy Miele in neutral zone.
0:14 of 2nd period - Wrist shot by Andy Miele.
0:14 of 2nd period - Shot Misses the Net.
0:16 of 2nd period - Slapshot by Cory Conacher.
0:16 of 2nd period - Stopped by Garret Sparks with a rebound.
0:26 of 2nd period - Chris Bourque is hit by Cody Goloubef and loses puck.
0:48 of 2nd period - Slapshot by Robert Bortuzzo.
0:48 of 2nd period - Stopped by Mike McKenna with a rebound.
0:50 of 2nd period - Snap shot by Mitch Callahan.
0:50 of 2nd period - Stopped by Mike McKenna with a rebound.
0:52 of 2nd period - Wrist shot by Spencer Abbott.
0:52 of 2nd period - Stopped by Mike McKenna without a rebound.
0:53 of 2nd period - Spencer Abbott wins face-off versus Andy Miele in Hershey Bears zone.
1:11 of 2nd period - Snap shot by Mitch Callahan.
1:11 of 2nd period - Stopped by Mike McKenna with a rebound.
1:13 of 2nd period - Slapshot by John Ramage.
1:13 of 2nd period - Shot Misses the Net.
1:15 of 2nd period - Snap shot by Spencer Abbott.
1:15 of 2nd period - Stopped by Mike McKenna with a rebound.
1:33 of 2nd period - Snap shot by Spencer Abbott.
1:33 of 2nd period - Deflect By Wayne Simpson.
1:33 of 2nd period - Stopped by Mike McKenna with a rebound.
1:51 of 2nd period - Snap shot by Mitch Callahan.
1:51 of 2nd period - Stopped by Mike McKenna with a rebound.
2:03 of 2nd period - Snap shot by Andy Miele.
2:03 of 2nd period - Shot Blocked by Alex Biega.
2:05 of 2nd period - Slapshot by Michael Kostka.
2:05 of 2nd period - Stopped by Garret Sparks without a rebound.
2:06 of 2nd period - Chris Wagner wins face-off versus Travis Morin in Calgary Hitman zone.
2:14 of 2nd period - Off-side.
2:15 of 2nd period - Travis Morin wins face-off versus Mike Blunden in neutral zone.
2:28 of 2nd period - Wrist shot by Chris Wagner.
2:28 of 2nd period - Stopped by Garret Sparks without a rebound.
2:29 of 2nd period - Chris Wagner wins face-off versus Andrew Miller in Calgary Hitman zone.
2:30 of 2nd period - Snap shot by Mike Blunden.
2:30 of 2nd period - Shot Misses the Net.
2:56 of 2nd period - Cody Goloubef is hit by Nicolas Deslauriers and loses puck.
3:03 of 2nd period - Snap shot by Brendan Gaunce.
3:03 of 2nd period - Shot Misses the Net.
3:05 of 2nd period - Wrist shot by Colby Cave.
3:05 of 2nd period - Stopped by Garret Sparks without a rebound.
3:06 of 2nd period - Kasperi Kapanen wins face-off versus Andy Miele in Calgary Hitman zone.
3:17 of 2nd period - Snap shot by Andy Miele.
3:17 of 2nd period - Shot Blocked by Matt Taormina.
3:28 of 2nd period - Icing by Robert Bortuzzo.
3:29 of 2nd period - Travis Morin wins face-off versus Chris Wagner in Calgary Hitman zone.
3:38 of 2nd period - Snap shot by Chris Bourque.
3:38 of 2nd period - Stopped by Garret Sparks without a rebound.
3:39 of 2nd period - Andrew Desjardins wins face-off versus Andrew Miller in Calgary Hitman zone.
3:50 of 2nd period - Andrew Desjardins is hit by Andrew Miller and loses puck.
4:05 of 2nd period - Chris Wagner is hit by A.J. Greer and loses puck.
4:48 of 2nd period - Backhand shot by Colby Cave.
4:48 of 2nd period - Shot Blocked by Spencer Abbott.
4:50 of 2nd period - Wrist shot by Carter Camper.
4:50 of 2nd period - Stopped by Garret Sparks with a rebound.
4:52 of 2nd period - Snap shot by Brendan Gaunce.
4:52 of 2nd period - Shot Misses the Net.
4:54 of 2nd period - Snap shot by Brendan Gaunce.
4:54 of 2nd period - Shot Blocked by Alex Biega.
4:56 of 2nd period - Snap shot by James Wisniewski.
4:56 of 2nd period - Shot Misses the Net.
5:14 of 2nd period - Dalton Prout is hit by John Ramage and loses puck.
5:42 of 2nd period - Wrist shot by Andrew Miller.
5:42 of 2nd period - Shot Misses the Net.
6:42 of 2nd period - Carter Camper is hit by Alex Biega and loses puck.
7:29 of 2nd period - Wayne Simpson is hit by Tyler Wotherspoon and loses puck.
7:40 of 2nd period - Slapshot by Cory Conacher.
7:40 of 2nd period - Stopped by Garret Sparks with a rebound.
7:56 of 2nd period - Robert Bortuzzo is hit by Andy Miele and loses puck.
9:34 of 2nd period - Snap shot by J.T. Brown.
9:34 of 2nd period - Shot Misses the Net.
10:11 of 2nd period - Backhand shot by Mitch Callahan.
10:11 of 2nd period - Shot Misses the Net.
10:17 of 2nd period - Chris Wagner is hit by Mitch Callahan and loses puck.
10:26 of 2nd period - Cody Goloubef is hit by Mike Blunden and loses puck.
10:33 of 2nd period - Snap shot by Chris Bourque.
10:33 of 2nd period - Shot Misses the Net.
10:55 of 2nd period - Matt Carle is hit by Wayne Simpson and loses puck.
11:02 of 2nd period - Slapshot by Spencer Abbott.
11:02 of 2nd period - Stopped by Mike McKenna without a rebound.
11:03 of 2nd period - J.T. Brown wins face-off versus Andy Miele in Hershey Bears zone.
11:08 of 2nd period - Snap shot by Andrew Miller.
11:08 of 2nd period - Deflect By Kasperi Kapanen.
11:08 of 2nd period - Shot Misses the Net.
11:08 of 2nd period - Puck is out of play.
11:09 of 2nd period - Andy Miele wins face-off versus Andrew Miller in Hershey Bears zone.
11:13 of 2nd period - Off-side.
11:14 of 2nd period - Andrew Desjardins wins face-off versus Andrew Miller in neutral zone.
11:19 of 2nd period - Slapshot by Andy Miele.
11:19 of 2nd period - Stopped by Garret Sparks without a rebound.
11:20 of 2nd period - Andrew Miller wins face-off versus Cory Conacher in Calgary Hitman zone.
11:32 of 2nd period - Snap shot by Andrew Miller.
11:32 of 2nd period - Stopped by Mike McKenna with a rebound.
11:34 of 2nd period - Wrist shot by Kasperi Kapanen.
11:34 of 2nd period - Shot Misses the Net.
11:36 of 2nd period - Wrist shot by J.T. Brown.
11:36 of 2nd period - Deflect By Andrew Miller.
11:36 of 2nd period - Shot Misses the Net.
11:36 of 2nd period - Puck is out of play.
11:37 of 2nd period - Travis Morin wins face-off versus Colby Cave in Hershey Bears zone.
11:50 of 2nd period - Wrist shot by Carter Camper.
11:50 of 2nd period - Shot Misses the Net.
11:52 of 2nd period - Slapshot by Michael Kostka.
11:52 of 2nd period - Shot Misses the Net.
13:50 of 2nd period - Minor Penalty to Cory Conacher for High sticking.
13:51 of 2nd period - John Hayden wins face-off versus Andrew Miller in Hershey Bears zone.
13:53 of 2nd period - Wrist shot by Spencer Abbott.
13:53 of 2nd period - Shot Misses the Net.
13:55 of 2nd period - Snap shot by Matt Taormina.
13:55 of 2nd period - Stopped by Mike McKenna without a rebound.
13:56 of 2nd period - Andrew Miller wins face-off versus John Hayden in Hershey Bears zone.
14:01 of 2nd period - Snap shot by Spencer Abbott.
14:01 of 2nd period - Shot Blocked by Andy Miele.
14:03 of 2nd period - Slapshot by Cody Goloubef.
14:03 of 2nd period - Shot Blocked by Michael Kostka.
14:26 of 2nd period - Off-side.
14:27 of 2nd period - Travis Morin wins face-off versus John Hayden in neutral zone.
14:50 of 2nd period - Andy Miele is hit by John Ramage and loses puck.
14:55 of 2nd period - Wrist shot by Wayne Simpson.
14:55 of 2nd period - Shot Misses the Net.
14:57 of 2nd period - Slapshot by Wayne Simpson.
14:57 of 2nd period - Shot Blocked by Nicolas Deslauriers.
14:59 of 2nd period - Slapshot by Travis Morin.
14:59 of 2nd period - Stopped by Mike McKenna with a rebound.
15:01 of 2nd period - Slapshot by John Ramage.
15:01 of 2nd period - Shot Misses the Net.
15:03 of 2nd period - Snap shot by John Ramage.
15:03 of 2nd period - Shot Misses the Net.
15:05 of 2nd period - Snap shot by Wayne Simpson.
15:05 of 2nd period - Stopped by Mike McKenna with a rebound.
15:07 of 2nd period - Wrist shot by John Ramage.
15:07 of 2nd period - Shot Blocked by Tyler Wotherspoon.
15:35 of 2nd period - Snap shot by Jack Skille.
15:35 of 2nd period - Stopped by Mike McKenna without a rebound.
15:36 of 2nd period - Andrew Miller wins face-off versus Andrew Desjardins in Hershey Bears zone.
15:37 of 2nd period - Wrist shot by Kasperi Kapanen.
15:37 of 2nd period - Shot Misses the Net.
15:50 of 2nd period - Penalty to Cory Conacher is over, Cory Conacher is back on ice.
16:01 of 2nd period - Wrist shot by Cory Conacher.
16:01 of 2nd period - Stopped by Garret Sparks without a rebound.
16:02 of 2nd period - Colby Cave wins face-off versus Reid Petryk in Calgary Hitman zone.
16:03 of 2nd period - Wrist shot by Carter Camper.
16:03 of 2nd period - Stopped by Garret Sparks without a rebound.
16:04 of 2nd period - Reid Petryk wins face-off versus Colby Cave in Calgary Hitman zone.
16:09 of 2nd period - Carter Camper is hit by Reid Petryk.
16:19 of 2nd period - Wrist shot by Colby Cave.
16:19 of 2nd period - Goal by Colby Cave - Calgary Hitman : 1 - Hershey Bears : 1.
16:20 of 2nd period - Andrew Miller wins face-off versus Andy Miele in neutral zone.
16:32 of 2nd period - Off-side.
16:33 of 2nd period - Andy Miele wins face-off versus Andrew Miller in neutral zone.
16:35 of 2nd period - Minor Penalty to Cory Conacher for Hooking.
16:36 of 2nd period - John Hayden wins face-off versus Andrew Miller in Hershey Bears zone.
17:39 of 2nd period - Slapshot by Nicolas Deslauriers.
17:39 of 2nd period - Stopped by Garret Sparks without a rebound.
17:40 of 2nd period - Travis Morin wins face-off versus Andrew Desjardins in Calgary Hitman zone.
17:45 of 2nd period - Snap shot by Wayne Simpson.
17:45 of 2nd period - Shot Blocked by Michael Kostka.
17:55 of 2nd period - Wrist shot by Andy Miele.
17:55 of 2nd period - Shot Hit the Post.
17:57 of 2nd period - Slapshot by Michael Kostka.
17:57 of 2nd period - Deflect By John Hayden.
17:57 of 2nd period - Shot Misses the Net.
17:57 of 2nd period - Puck is out of play.
17:58 of 2nd period - Andrew Miller wins face-off versus John Hayden in Calgary Hitman zone.
18:05 of 2nd period - Slapshot by Cody Goloubef.
18:05 of 2nd period - Shot Misses the Net.
18:07 of 2nd period - Wrist shot by Andrew Miller.
18:07 of 2nd period - Shot Blocked by Andy Miele.
18:09 of 2nd period - Snap shot by Kasperi Kapanen.
18:09 of 2nd period - Shot Misses the Net.
18:35 of 2nd period - Penalty to Cory Conacher is over, Cory Conacher is back on ice.
18:51 of 2nd period - Off-side.
18:52 of 2nd period - Andrew Miller wins face-off versus Chris Wagner in neutral zone.
19:17 of 2nd period - J.T. Brown is hit by Tyler Wotherspoon and loses puck.
19:32 of 2nd period - Wrist shot by Kasperi Kapanen.
19:32 of 2nd period - Shot Misses the Net.
19:34 of 2nd period - Slapshot by Alex Biega.
19:34 of 2nd period - Shot Blocked by Tyler Wotherspoon.
19:36 of 2nd period - Snap shot by Kasperi Kapanen.
19:36 of 2nd period - Deflect By John Hayden.
19:36 of 2nd period - Shot Blocked by Nicolas Deslauriers.
19:36 of 2nd period - Puck is out of play.
19:37 of 2nd period - Chris Wagner wins face-off versus Travis Morin in Hershey Bears zone.
19:39 of 2nd period - Minor Penalty to Michael Kostka for Roughing.
19:40 of 2nd period - Cory Conacher wins face-off versus Travis Morin in Hershey Bears zone.
Goals for this period are 0 for Calgary Hitman vs 1 for Hershey Bears.
Shots for this period are 13 for Calgary Hitman vs 12 for Hershey Bears.

3rd period


0:01 of 3rd period - Andrew Miller wins face-off versus Cory Conacher in neutral zone.
0:14 of 3rd period - Snap shot by Spencer Abbott.
0:14 of 3rd period - Stopped by Mike McKenna without a rebound.
0:15 of 3rd period - Andrew Miller wins face-off versus Cory Conacher in Hershey Bears zone.
0:18 of 3rd period - Slapshot by Spencer Abbott.
0:18 of 3rd period - Shot Misses the Net.
0:28 of 3rd period - Slapshot by Andy Miele.
0:28 of 3rd period - Deflect By Cory Conacher.
0:28 of 3rd period - Stopped by Garret Sparks without a rebound.
0:29 of 3rd period - Spencer Abbott wins face-off versus Cory Conacher in Calgary Hitman zone.
1:07 of 3rd period - Snap shot by Chris Wagner.
1:07 of 3rd period - Shot Misses the Net.
1:17 of 3rd period - Andy Miele is hit by Alex Biega and loses puck.
1:39 of 3rd period - Penalty to Michael Kostka is over, Michael Kostka is back on ice.
2:06 of 3rd period - Chris Wagner is hit by Brady Austin and loses puck.
2:59 of 3rd period - Wrist shot by Cory Conacher.
2:59 of 3rd period - Stopped by Garret Sparks without a rebound.
3:00 of 3rd period - Reid Petryk wins face-off versus John Hayden in Calgary Hitman zone.
3:16 of 3rd period - Icing by John Ramage.
3:17 of 3rd period - Colby Cave wins face-off versus Reid Petryk in Calgary Hitman zone.
3:20 of 3rd period - Snap shot by Carter Camper.
3:20 of 3rd period - Stopped by Garret Sparks without a rebound.
3:21 of 3rd period - Travis Morin wins face-off versus Chris Wagner in Calgary Hitman zone.
3:28 of 3rd period - Slapshot by Travis Morin.
3:28 of 3rd period - Stopped by Mike McKenna with a rebound.
3:35 of 3rd period - Cody Goloubef is hit by Nicolas Deslauriers and loses puck.
4:30 of 3rd period - Snap shot by Cristoval Nieves.
4:30 of 3rd period - Stopped by Garret Sparks without a rebound.
4:31 of 3rd period - Travis Morin wins face-off versus Cory Conacher in Calgary Hitman zone.
4:47 of 3rd period - Cory Conacher is hit by Travis Morin and loses puck.
5:04 of 3rd period - Slapshot by Chris Bourque.
5:04 of 3rd period - Shot Misses the Net.
5:06 of 3rd period - Wrist shot by Chris Wagner.
5:06 of 3rd period - Shot Blocked by John Ramage.
5:08 of 3rd period - Wrist shot by Chris Bourque.
5:08 of 3rd period - Stopped by Garret Sparks with a rebound.
5:10 of 3rd period - Snap shot by Chris Bourque.
5:10 of 3rd period - Shot Misses the Net.
5:30 of 3rd period - Snap shot by Spencer Abbott.
5:30 of 3rd period - Stopped by Mike McKenna with a rebound.
5:32 of 3rd period - Snap shot by Wayne Simpson.
5:32 of 3rd period - Shot Blocked by Colby Cave.
5:46 of 3rd period - Backhand shot by Cory Conacher.
5:46 of 3rd period - Shot Misses the Net.
6:55 of 3rd period - Slapshot by Matt Taormina.
6:55 of 3rd period - Shot Misses the Net.
7:09 of 3rd period - Alex Biega is hit by Michael Kostka and loses puck.
7:23 of 3rd period - Off-side.
7:24 of 3rd period - Chris Wagner wins face-off versus Reid Petryk in neutral zone.
7:37 of 3rd period - Wrist shot by Nick Lappin.
7:37 of 3rd period - Shot Blocked by Mark Fraser.
7:39 of 3rd period - Minor Penalty to Mark Fraser for High sticking.
7:40 of 3rd period - Andrew Miller wins face-off versus Cory Conacher in Hershey Bears zone.
8:12 of 3rd period - Slapshot by Cody Goloubef.
8:12 of 3rd period - Stopped by Mike McKenna with a rebound.
8:14 of 3rd period - Slapshot by Andrew Miller.
8:14 of 3rd period - Shot Misses the Net.
8:16 of 3rd period - Wrist shot by Andrew Miller.
8:16 of 3rd period - Shot Misses the Net.
8:18 of 3rd period - Backhand shot by Cody Goloubef.
8:18 of 3rd period - Goal by Cody Goloubef - Calgary Hitman : 2 - Hershey Bears : 1.
8:19 of 3rd period - Andy Miele wins face-off versus Travis Morin in neutral zone.
9:08 of 3rd period - Snap shot by Mitch Callahan.
9:08 of 3rd period - Deflect By Wayne Simpson.
9:08 of 3rd period - Shot Misses the Net.
9:08 of 3rd period - Puck is out of play.
9:09 of 3rd period - Spencer Abbott wins face-off versus Colby Cave in Hershey Bears zone.
9:12 of 3rd period - Wrist shot by Spencer Abbott.
9:12 of 3rd period - Shot Blocked by Colby Cave.
9:14 of 3rd period - Wrist shot by Spencer Abbott.
9:14 of 3rd period - Shot Misses the Net.
9:48 of 3rd period - Snap shot by Brendan Gaunce.
9:48 of 3rd period - Shot Blocked by Mitch Callahan.
9:50 of 3rd period - Wrist shot by Carter Camper.
9:50 of 3rd period - Stopped by Garret Sparks with a rebound.
9:52 of 3rd period - Backhand shot by Tyler Wotherspoon.
9:52 of 3rd period - Shot Misses the Net.
9:54 of 3rd period - Backhand shot by Tyler Wotherspoon.
9:54 of 3rd period - Shot Blocked by John Ramage.
9:56 of 3rd period - Slapshot by Carter Camper.
9:56 of 3rd period - Stopped by Garret Sparks with a rebound.
9:58 of 3rd period - Slapshot by Carter Camper.
9:58 of 3rd period - Stopped by Garret Sparks with a rebound.
10:00 of 3rd period - Slapshot by Nicolas Deslauriers.
10:00 of 3rd period - Stopped by Garret Sparks with a rebound.
10:02 of 3rd period - Wrist shot by Colby Cave.
10:02 of 3rd period - Stopped by Garret Sparks with a rebound.
10:04 of 3rd period - Slapshot by Carter Camper.
10:04 of 3rd period - Stopped by Garret Sparks without a rebound.
10:05 of 3rd period - Travis Morin wins face-off versus Andy Miele in Calgary Hitman zone.
10:31 of 3rd period - Double Minor Penalty to Chris Bourque for Roughing.
10:32 of 3rd period - Andrew Miller wins face-off versus Cory Conacher in Hershey Bears zone.
11:11 of 3rd period - Snap shot by Jack Skille.
11:11 of 3rd period - Goal by Jack Skille - Calgary Hitman : 3 - Hershey Bears : 1.
11:12 of 3rd period - Cory Conacher wins face-off versus Andrew Miller in neutral zone.
12:04 of 3rd period - Cory Conacher is hit by Kasperi Kapanen and loses puck.
12:23 of 3rd period - Dalton Prout is hit by Alex Biega and loses puck.
13:11 of 3rd period - Penalty to Chris Bourque is over, Chris Bourque is back on ice.
13:20 of 3rd period - Chris Bourque is hit by Kasperi Kapanen.
13:28 of 3rd period - Slapshot by Andrew Desjardins.
13:28 of 3rd period - Shot Blocked by Alex Biega.
13:49 of 3rd period - Wrist shot by Chris Wagner.
13:49 of 3rd period - Stopped by Garret Sparks with a rebound.
13:55 of 3rd period - Colby Cave is hit by Mitch Callahan and loses puck.
14:32 of 3rd period - Snap shot by Chris Bourque.
14:32 of 3rd period - Stopped by Garret Sparks without a rebound.
14:33 of 3rd period - Reid Petryk wins face-off versus Chris Bourque in Calgary Hitman zone.
14:33 of 3rd period - Reid Petryk is hit by Mike Blunden.
14:39 of 3rd period - Wrist shot by John Hayden.
14:39 of 3rd period - Stopped by Garret Sparks with a rebound.
14:41 of 3rd period - Snap shot by Chris Bourque.
14:41 of 3rd period - Shot Blocked by John Ramage.
14:43 of 3rd period - Snap shot by Matt Carle.
14:43 of 3rd period - Stopped by Garret Sparks without a rebound.
14:44 of 3rd period - Travis Morin wins face-off versus Andy Miele in Calgary Hitman zone.
14:49 of 3rd period - Wrist shot by Matt Taormina.
14:49 of 3rd period - Stopped by Mike McKenna with a rebound.
14:51 of 3rd period - Slapshot by Robert Bortuzzo.
14:51 of 3rd period - Stopped by Mike McKenna with a rebound.
15:21 of 3rd period - Slapshot by J.T. Brown.
15:21 of 3rd period - Stopped by Mike McKenna with a rebound.
15:41 of 3rd period - Spencer Abbott is hit by Michael Kostka and loses puck.
16:54 of 3rd period - Wayne Simpson is hit by Carter Camper and loses puck.
18:50 of 3rd period - Nicolas Deslauriers is hit by A.J. Greer and loses puck.
Goals for this period are 2 for Calgary Hitman vs 0 for Hershey Bears.
Shots for this period are 9 for Calgary Hitman vs 15 for Hershey Bears.